[Event "DEN-ch Landsholdsklassen 2021"]
[Site "Svendborg"]
[Date "2021.10.16"]
[Round "1.1"]
[White "Hansen, Sune Berg"]
[Black "Antonsen, Mikkel"]
[Result "1-0"]
[ECO "D78"]
[WhiteElo "2528"]
[BlackElo "2409"]
[Annotator "ChessBase"]
[PlyCount "55"]
[EventDate "2021.10.16"]
[EventType "tourn"]
[EventCountry "DEN"]
[SourceTitle "playchess.com"]
[Source "ChessBase"]
[SourceQuality "1"]
[TimeControl "40/5400+30:1800+30"]

1. Nf3 Nf6 2. g3 g6 3. Bg2 Bg7 4. O-O O-O 5. d4 d5 6. c4 c6 7. Qb3 Qb6 8. Nc3 Rd8 9. Bd2 dxc4 10. Qxc4 Na6 11. e4 Bg4 12. Ng5 e6 13. Be3 h6 14. Nf3 Nd7 15. Rfc1 Qxb2 16. Rab1 Nb6 17. Qf1 Qa3 18. Ne5 Bh5 19. f4 Qe7 20. h3 f5 21. a4 Rab8 22. a5 Nd7 23. Rxb7 Rxb7 24. Nxc6 Qa3 25. Nxd8 Rc7 26. Qxa6 Rxc3 27. Qxe6+ Kh7 28. Qxd7 1-0

[Event "DEN-ch Landsholdsklassen 2021"]
[Site "Svendborg"]
[Date "2021.10.16"]
[Round "1.4"]
[White "Fries-Nielsen, Jens Ove"]
[Black "Chatalbashev, Boris"]
[Result "1-0"]
[ECO "B21"]
[WhiteElo "2378"]
[BlackElo "2536"]
[Annotator "ChessBase"]
[PlyCount "87"]
[EventDate "2021.10.16"]
[EventType "tourn"]
[EventCountry "DEN"]
[SourceTitle "playchess.com"]
[Source "ChessBase"]
[SourceQuality "1"]
[TimeControl "40/5400+30:1800+30"]

1. e4 c5 2. f4 Nc6 3. Nf3 d5 4. exd5 Qxd5 5. Nc3 Qd6 6. d3 Bg4 7. Be2 Nf6 8. O-O Rd8 9. Nd2 Bxe2 10. Qxe2 Nd4 11. Qd1 e6 12. Nce4 Nxe4 13. dxe4 Qa6 14. c4 Be7 15. b3 O-O 16. Bb2 Qc6 17. Re1 f5 18. Nf3 fxe4 19. Ne5 Qc7 20. Rxe4 Bd6 21. Bxd4 cxd4 22. Qd3 Rf5 23. Rae1 Rdf8 24. g3 g5 25. Ng4 Bb4 26. R1e2 Kh8 27. Qxd4+ Qg7 28. Qxg7+ Kxg7 29. fxg5 Rxg5 30. Kg2 Bc3 31. Nf2 e5 32. Nd3 Re8 33. Nf4 Kf7 34. Nd5 Bd4 35. h4 Rg6 36. g4 a6 37. Re1 Rd6 38. g5 h6 39. Rf1+ Kg7 40. Nf6 Rh8 41. gxh6+ Kxh6 42. Rg4 e4 43. Nxe4 Rg6 44. Ng5 1-0

[Event "DEN-ch Landsholdsklassen 2021"]
[Site "Svendborg"]
[Date "2021.10.16"]
[Round "1.5"]
[White "Rewitz, Poul"]
[Black "Haubro, Martin"]
[Result "0-1"]
[ECO "A07"]
[WhiteElo "2264"]
[BlackElo "2426"]
[Annotator "NA"]
[PlyCount "108"]
[EventDate "2021.10.16"]
[EventType "tourn"]
[EventCountry "DEN"]
[SourceTitle "playchess.com"]
[Source "ChessBase"]
[SourceQuality "1"]
[TimeControl "40/5400+30:1800+30"]

1. g3 d5 2. Nf3 Nf6 3. Bg2 c6 4. O-O Bg4 5. d3 Nbd7 6. c4 e6 7. Nbd2 Be7 8. b3 O-O 9. Bb2 a5 10. a3 b5 11. cxb5 cxb5 12. Rc1 Qb6 13. Qc2 Bc5 14. d4 Bd6 15. Qc6 Qb8 16. e4 dxe4 17. Nxe4 Nxe4 18. Qxe4 Nf6 19. Qc6 Rc8 20. Qxc8+ Qxc8 21. Rxc8+ Rxc8 22. Rc1 Rxc1+ 23. Bxc1 Nd5 24. Nd2 Bd1 25. Kf1 Nc3 26. Ke1 Bc2 27. Bc6 Be7 $17 28. f3 Bf6 29. Ne4 Nxe4 30. fxe4 Bxd4 31. Bxb5 Bxb3 32. a4 Bg1 33. Bd2 Bb6 34. Ke2 Kf8 35. Kd3 Ke7 36. Bc3 f6 37. Be1 Kd6 38. Bd2 Ba2 39. Kc2 e5 40. Be1 Be6 41. h4 Bg4 42. Kd3 g6 43. Be8 Bd1 44. Kd2 Bf3 45. Kd3 f5 46. exf5 gxf5 47. Kc2 Bg2 48. Bd2 Bc6 49. Bxc6 Kxc6 50. Kd3 Kd5 51. Be1 h5 52. Bc3 e4+ 53. Kc2 Bc7 54. Be1 Kc4 0-1

[Event "DEN-ch Landsholdsklassen 2021"]
[Site "Svendborg"]
[Date "2021.10.21"]
[Round "6.3"]
[White "Fries-Nielsen, Jens Ove"]
[Black "Schandorff, Lars"]
[Result "1/2-1/2"]
[ECO "A45"]
[WhiteElo "2378"]
[BlackElo "2458"]
[Annotator "ChessBase"]
[PlyCount "61"]
[EventDate "2021.10.16"]
[EventType "tourn"]
[EventCountry "DEN"]
[SourceTitle "playchess.com"]
[Source "ChessBase"]
[SourceQuality "1"]
[TimeControl "40/5400+30:1800+30"]

1. d4 Nf6 2. Nc3 d5 3. e3 e6 4. g4 Bb4 5. Bd2 b6 6. Bg2 Bb7 7. Nh3 O-O 8. Nf4 Bd6 9. g5 Ne4 10. Bxe4 dxe4 11. Qg4 Nd7 12. Rg1 Qe7 13. O-O-O Bxf4 14. Qxf4 e5 15. Qh4 f5 16. gxf6 Qxf6 17. Qg4 Rf7 18. Nxe4 Qf5 19. Ng5 Qxg4 20. Rxg4 Rxf2 21. Ne6 g6 22. Rh4 exd4 23. exd4 Nf6 24. Rf4 Rxf4 25. Bxf4 Nd5 26. Be5 c6 27. Nc7 Nxc7 28. Bxc7 Rc8 29. Bg3 Re8 30. Kd2 Bc8 31. h3 1/2-1/2

[Event "DEN-ch Landsholdsklassen 2021"]
[Site "Svendborg"]
[Date "2021.10.21"]
[Round "6.5"]
[White "Borge, Nikolaj"]
[Black "Rewitz, Poul"]
[Result "1-0"]
[ECO "B12"]
[WhiteElo "2381"]
[BlackElo "2264"]
[Annotator "ChessBase"]
[PlyCount "217"]
[EventDate "2021.10.16"]
[EventType "tourn"]
[EventCountry "DEN"]
[SourceTitle "playchess.com"]
[Source "ChessBase"]
[SourceQuality "1"]
[TimeControl "40/5400+30:1800+30"]

1. e4 c6 2. d4 d5 3. e5 Bf5 4. Nf3 e6 5. Be2 Ne7 6. O-O Bg6 7. a4 Nf5 8. a5 Be7 9. h3 O-O 10. c4 dxc4 11. Bxc4 Na6 12. Nc3 Nb4 13. Ne2 c5 14. dxc5 Bxc5 15. Qb3 Nh4 16. Ne1 Rc8 17. Ra4 Nc6 18. Qc3 Qd1 19. Qb3 Qd8 20. a6 b6 21. Bb5 Nxe5 22. Qg3 Be7 23. Rd4 Qc7 24. Rxh4 Bxh4 25. Qxh4 Rfd8 26. Nc3 h6 27. Qg3 Nc4 28. Qxc7 Rxc7 29. Nf3 Rc5 30. Re1 Na3 31. bxa3 Rxc3 32. a4 Rd5 33. Bf4 Bd3 34. Be5 Ra3 35. Rd1 Bc2 36. Rxd5 exd5 37. Bb8 Ra1+ 38. Kh2 Bxa4 39. Bd3 Bb3 40. Bxa7 Bc4 41. Bxc4 dxc4 42. Bxb6 Rxa6 43. Be3 c3 44. Nd4 Rd6 45. Kg3 Rd5 46. Kf4 f6 47. Ke4 Rd8 48. Kd3 Rc8 49. Ne2 c2 50. Nc3 Rd8+ 51. Kxc2 Kf7 52. Nb5 Ra8 53. Kd3 h5 54. Ke4 g6 55. h4 Ra1 56. Bd4 Rb1 57. Nd6+ Ke6 58. Ne8 Re1+ 59. Kd3 Rd1+ 60. Ke3 f5 61. Nc7+ Kf7 62. Nb5 Re1+ 63. Kf3 Rb1 64. Nc3 Rb4 65. Ne2 Ra4 66. g3 Ra2 67. Nf4 Ra3+ 68. Ke2 Rb3 69. Nd3 Rb1 70. Ne5+ Kg7 71. Kf3 Kh7 72. Nd7 Rb4 73. Ke3 Ra4 74. Kd3 Kh6 75. Nf6 Ra2 76. Kc4 Ra5 77. Kb4 Ra2 78. Kc5 Ra4 79. Ng8+ Kh7 80. Ne7 Ra6 81. Kd5 Kh6 82. Ng8+ Kh7 83. Nf6+ Kh6 84. Ne8 Kh7 85. Nd6 Ra4 86. Be3 Kg7 87. Ke6 Ra6 88. Bf4 Ra2 89. Be5+ Kh7 90. f3 Ra3 91. Nf7 Ra6+ 92. Ke7 Ra7+ 93. Kf6 Ra6+ 94. Kg5 Ra3 95. Nh8 Rxf3 96. Nxg6 Re3 97. Bf4 Ra3 98. Kxh5 Ra8 99. Kg5 Ra5 100. Ne7 Rb5 101. Nxf5 Ra5 102. g4 Rb5 103. Bd6 Ra5 104. Kf6 Kg8 105. g5 Ra1 106. h5 Rh1 107. Kg6 Re1 108. Nh6+ Kh8 109. Be5+ 1-0

[Event "DEN-ch Landsholdsklassen 2021"]
[Site "Svendborg"]
[Date "2021.10.23"]
[Round "8.2"]
[White "Hansen, Sune Berg"]
[Black "Chatalbashev, Boris"]
[Result "1-0"]
[ECO "E94"]
[WhiteElo "2528"]
[BlackElo "2536"]
[Annotator "ChessBase"]
[PlyCount "79"]
[EventDate "2021.10.16"]
[EventType "tourn"]
[EventCountry "DEN"]
[SourceTitle "playchess.com"]
[Source "ChessBase"]
[SourceQuality "1"]
[TimeControl "40/5400+30:1800+30"]

1. e4 g6 2. d4 Bg7 3. Nf3 d6 4. c4 Nf6 5. Nc3 O-O 6. Be2 e5 7. O-O Na6 8. Re1 Qe8 9. d5 Nc5 10. Bf1 a5 11. g3 Bd7 12. Nh4 Qe7 13. Bg5 h6 14. Bd2 Nh7 15. Qe2 Ng5 16. Kh1 Nh3 17. Be3 Qf6 18. f3 h5 19. Rad1 Rae8 20. Nb5 Qd8 21. Bxc5 dxc5 22. d6 Bxb5 23. cxb5 Ng5 24. dxc7 Qxc7 25. Ng2 Ne6 26. Ne3 Nd4 27. Qg2 a4 28. Bc4 Kh7 29. g4 h4 30. g5 Rh8 31. Qg4 Kg8 32. Nd5 Qd8 33. Rf1 Rh5 34. f4 Rf8 35. Rg1 Kh7 36. f5 Qc8 37. Rdf1 Qd8 38. Nf6+ Bxf6 39. gxf6 Kh8 40. fxg6 1-0

[Event "DEN-ch Landsholdsklassen 2021"]
[Site "Svendborg"]
[Date "2021.10.23"]
[Round "8.4"]
[White "Schandorff, Lars"]
[Black "Rewitz, Poul"]
[Result "1/2-1/2"]
[ECO "A80"]
[WhiteElo "2458"]
[BlackElo "2264"]
[Annotator "ChessBase"]
[PlyCount "87"]
[EventDate "2021.10.16"]
[EventType "tourn"]
[EventCountry "DEN"]
[SourceTitle "playchess.com"]
[Source "ChessBase"]
[SourceQuality "1"]
[TimeControl "40/5400+30:1800+30"]

1. d4 f5 2. Nf3 Nf6 3. Bf4 c6 4. e3 d6 5. Be2 g6 6. c4 Bg7 7. Nc3 Na6 8. O-O O-O 9. Bg3 Nc7 10. b4 Kh8 11. a4 Be6 12. Nd2 Bg8 13. Rc1 Qe8 14. c5 Rd8 15. Qc2 Nfd5 16. Nxd5 Nxd5 17. b5 f4 18. Bxf4 Nxf4 19. exf4 Rxf4 20. bxc6 bxc6 21. Nf3 Bd5 22. Rfe1 Qf7 23. Bc4 dxc5 24. Bxd5 Rxd5 25. Ne5 Qf6 26. Qe2 Rfxd4 27. Nc4 h5 28. h3 e5 29. Rc3 e4 30. Re3 Qf5 31. Rxe4 Rxe4 32. Qxe4 Qxe4 33. Rxe4 Rd4 34. f3 Rd1+ 35. Kf2 Ra1 36. a5 Ra4 37. Ke3 Bd4+ 38. Kd3 Ra2 39. Re2 Rxe2 40. Kxe2 Kg7 41. Kd3 Kf6 42. Ke4 h4 43. a6 Ke6 44. Na5 1/2-1/2

[Event "DEN-ch Landsholdsklassen 2021"]
[Site "Svendborg"]
[Date "2021.10.23"]
[Round "8.5"]
[White "Fries-Nielsen, Jens Ove"]
[Black "Haubro, Martin"]
[Result "1/2-1/2"]
[ECO "D31"]
[WhiteElo "2378"]
[BlackElo "2426"]
[Annotator "ChessBase"]
[PlyCount "61"]
[EventDate "2021.10.16"]
[EventType "tourn"]
[EventCountry "DEN"]
[SourceTitle "playchess.com"]
[Source "ChessBase"]
[SourceQuality "1"]
[TimeControl "40/5400+30:1800+30"]

1. d4 d5 2. c4 e6 3. Nc3 a6 4. cxd5 exd5 5. Qb3 Nf6 6. Bg5 c5 7. Bxf6 gxf6 8. Qxd5 Qb6 9. O-O-O Be6 10. Qe4 cxd4 11. Qxd4 Bc5 12. Qxf6 Rg8 13. Na4 Qa5 14. Nxc5 Qxc5+ 15. Qc3 Nd7 16. Kb1 Qxf2 17. Nh3 Qh4 18. e4 Nf6 19. Qe3 Qxe4+ 20. Qxe4 Nxe4 21. Bd3 Bxh3 22. gxh3 Nf2 23. Bxh7 Rh8 24. Rhe1+ Kf8 25. Rd2 Rxh7 26. Rxf2 Rxh3 27. Ref1 Rh7 28. Rc1 Re8 29. Rc3 Rh6 30. Kc2 Re7 31. Kd2 1/2-1/2

[Event "DEN-ch Landsholdsklassen 2021"]
[Site "Svendborg"]
[Date "2021.10.24"]
[Round "9.3"]
[White "Haubro, Martin"]
[Black "Schandorff, Lars"]
[Result "0-1"]
[ECO "C65"]
[WhiteElo "2426"]
[BlackElo "2458"]
[Annotator "ChessBase"]
[PlyCount "60"]
[EventDate "2021.10.16"]
[EventType "tourn"]
[EventCountry "DEN"]
[SourceTitle "playchess.com"]
[Source "ChessBase"]
[SourceQuality "1"]
[TimeControl "40/5400+30:1800+30"]

1. e4 e5 2. Nf3 Nc6 3. Bb5 Nf6 4. d3 Bc5 5. c3 d5 6. exd5 Qxd5 7. Bc4 Qd6 8. O-O Bb6 9. Qe2 O-O 10. b4 Bg4 11. a4 a6 12. h3 Bh5 13. Nbd2 Nd5 14. Ne4 Qd8 15. a5 Ba7 16. Qa2 Nde7 17. Nh2 Kh8 18. Be3 f5 19. Ng5 Qd6 20. Bxa7 Nxa7 21. Rae1 Nec6 22. Bf7 Qf6 23. Bxh5 Qxg5 24. Bf3 Rad8 25. Qc4 Rd6 26. Re3 Qd8 27. Rd1 e4 28. Be2 Ne5 29. Qc5 Nac6 30. d4 b6 0-1

[Event "DEN-ch Landsholdsklassen 2021"]
[Site "Svendborg"]
[Date "2021.10.24"]
[Round "9.5"]
[White "Rewitz, Poul"]
[Black "Antonsen, Mikkel"]
[Result "0-1"]
[ECO "A03"]
[WhiteElo "2264"]
[BlackElo "2409"]
[Annotator "ChessBase"]
[PlyCount "70"]
[EventDate "2021.10.16"]
[EventType "tourn"]
[EventCountry "DEN"]
[SourceTitle "playchess.com"]
[Source "ChessBase"]
[SourceQuality "1"]
[TimeControl "40/5400+30:1800+30"]

1. f4 d5 2. Nf3 Bg4 3. e3 Nd7 4. h3 Bxf3 5. Qxf3 c6 6. d4 e6 7. Bd3 h5 8. g3 f5 9. c4 Ngf6 10. cxd5 cxd5 11. Nc3 a6 12. Qg2 Kf7 13. Bd2 Rc8 14. O-O Bd6 15. Rac1 Qe7 16. Nd1 Rxc1 17. Bxc1 Nb6 18. Nf2 g6 19. Bd2 Bb4 20. Bxb4 Qxb4 21. b3 Qd2 22. Qf3 Qxa2 23. Qd1 Rc8 24. Bb1 Qa3 25. Nd3 Rc3 26. Bc2 Ne4 27. Ne5+ Kg7 28. g4 hxg4 29. hxg4 Rxe3 30. Bxe4 dxe4 31. gxf5 exf5 32. Qc1 Qxb3 33. Qc7+ Kh6 34. Kf2 Rh3 35. Nf7+ Kh5 0-1